 Dungeon Crawl Stone Soup version 0.25.1-2-g60ff931df9 (webtiles) character file.

Game seed: 5437167096960079449

2886 asdjio the Covert (level 9, -1/63 HPs)
             Began as an Octopode Assassin on Oct 19, 2020.
             Was a Priest of Trog.
             Slain by an orc knight
             ... wielding a +0 glaive
              (25 damage)
             ... in a bailey.
             The game lasted 00:58:47 (7091 turns).

asdjio the Covert (Octopode Assassin)               Turns: 7091, Time: 00:58:47

Health: -1/63      AC:  1    Str: 13    XL:     9   Next: 77%
Magic:  12/12      EV: 16    Int: 13    God:    Trog [***...]
Gold:   401        SH:  0    Dex: 14    Spells: 8/8 levels left

rFire    x . .     SeeInvis .   k - +0 hunting sling
rCold    + . .     Gourm    .   (no shield)
rNeg     + . .     Faith    .   (helmet restricted)
rPois    .         Spirit   .   T - amulet of magic regeneration
rElec    .         Reflect  .   h - ring of ice
rCorr    .         Harm     .   W - ring of positive energy
MR       .....                  (no ring)
Stlth    +++++.....             (no ring)
HPRegen  0.20/turn              (no ring)
MPRegen  0.38/turn              (no ring)
                                (no ring)
                                (no ring)

@: no status effects
A: almost no armour, stealthy swim, amphibious, 8 rings, constrict 8, camouflage
1, gelatinous body 1
a: Berserk, Trog's Hand, Renounce Religion


You were in a bailey.
You worshipped Trog.
Trog was most pleased with you.
You were not hungry.

You visited 1 branch of the dungeon, and saw 7 of its levels.
You also visited: Bailey.

You collected 401 gold pieces.

Inventory:

Hand Weapons
 a - a +2 dagger
 k - a +0 hunting sling (weapon)
 o - a +1 short sword of venom
 A - a +0 flail of distortion
 E - a +3 war axe
 J - a +0 trident
 K - a +0 short sword
 P - a +2 dagger of electrocution
 R - a +0 short sword
Missiles
 b - 25 poisoned darts
 c - 2 curare-tipped darts
 f - 189 stones (quivered)
 n - 38 arrows
 p - 65 sling bullets
 r - 5 silver boomerangs
 D - 8 javelins
Armour
 y - a +0 naga barding
 B - a +0 troll leather armour
Jewellery
 h - a ring of ice (left tentacle)
 v - an uncursed ring of teleportation
 x - a +4 ring of protection {unknown}
 T - an amulet of magic regeneration (around mantle)
 W - a ring of positive energy (right tentacle)
Wands
 j - a wand of disintegration (13)
 H - a wand of random effects (55)
 L - a wand of polymorph (8)
 V - a wand of flame (1)
Scrolls
 l - 3 scrolls of remove curse
 m - a scroll of amnesia
 s - a scroll of identify
 t - a scroll of random uselessness
 C - 2 scrolls of enchant weapon
 F - 2 scrolls of fog
 Z - a scroll of teleportation
Potions
 e - a potion of haste {unknown}
 g - 2 potions of resistance {unknown}
 i - a potion of lignification {unknown}
 q - 2 potions of degeneration {unknown}
 w - a potion of brilliance {unknown}
 z - a potion of might {unknown}
 G - a potion of ambrosia {unknown}
 M - 2 potions of curing {unknown}
 O - a potion of mutation {unknown}
 U - a potion of flight
Comestibles
 d - 12 rations


   Skills:
 + Level 6.4 Fighting
 + Level 6.4 Short Blades
 - Level 2.0 Throwing
 + Level 6.1 Dodging
 + Level 10.2 Stealth
 - Level 5.0 Evocations


You had 8 spell levels left.
You didn't know any spells.
Your spell library contained the following spells:

 Spells                   Type           Power        Failure   Level  Hunger
 Summon Small Mammal      Summ           #...         30%         1    ##.....
 Call Imp                 Summ           #.......     43%         2    ###....
 Call Canine Familiar     Summ           #.......     67%         3    ####...
 Summon Guardian Golem    Hex/Summ       #.......     67%         3    ####...
 Summon Ice Beast         Ice/Summ       #.......     97%         4    #####..
 Summon Lightning Spire   Summ/Air       #.......     97%         4    #####..


Dungeon Overview and Level Annotations

Branches:
Dungeon (7/15)             Bailey (1/1)
 Temple: D:4-7

Altars:
Dithmenos
Fedhas
Gozag
Kikubaaqudgha
Makhleb
Nemelex Xobeh
Qazlal
Trog
Vehumet
Xom
Yredelemnul
Zin
The Shining One


Innate Abilities, Weirdness & Mutations

You cannot wear most types of armour.
You are very stealthy in the water. (Stealth+)
You are amphibious.
You can wear up to eight rings at the same time.
You can use your tentacles to constrict eight enemies at once.
Your skin changes colour to match your surroundings (Stealth+).
Your rubbery body absorbs attacks. (AC +1, EV +1)


Message History

Press: ? - help, Shift-Dir - straight line, f - orc knight
Aim: an orc knight, wielding a +0 glaive and wearing a +0 plate armour (black smoke, lightly wounded)
You shoot a stone.
The stone hits the orc knight but does no damage.
The orc knight is lightly wounded.
The orc knight hits you from afar with a +0 glaive!!
Firing (i - inventory. (/) - cycle)
f - 191 stones (quivered)
Press: ? - help, Shift-Dir - straight line, f - orc warrior, p - orc knight
Aim: an orc warrior, wielding a +0 halberd and wearing a +0 ring mail (lightly wounded, strong)
You shoot a stone. The stone hits the orc warrior.
The orc warrior is moderately wounded.
The orc knight hits you from afar with a +0 glaive!
Firing (i - inventory. (/) - cycle)
f - 190 stones (quivered)
Press: ? - help, Shift-Dir - straight line, f/p - orc warrior
Aim: an orc warrior, wielding a +0 halberd and wearing a +0 ring mail (moderately wounded, strong)
You shoot a stone.
The stone hits the orc warrior but does no damage.
The orc warrior is moderately wounded.
The orc knight hits you from afar with a +0 glaive!!
You die...

##.........## ##..≈≈≈≈≈≈≈..##
##..≈≈)....≈≈..##
#####..≈≈..###).≈≈..##########
......≈≈..## ##..≈≈..........#
≈≈≈≈≈≈≈).##.∩.##..≈≈≈≈≈≈≈≈≈≈.#
......[.##.....##....)...).≈.#
############+###'#########.≈.#
# ......§§@## ##.≈.# ##
.≈≈≈≈≈§§..# ##..≈.# .##
≈≈...oo≈§..# ##..≈≈.# ..#
≈..⌠∩(oo≈≈..# #..≈≈.∩# ..#
≈...⌠...≈≈..#+#..≈≈.## .##
§≈§§..§§§..##.##..≈≈.# ##
.≈≈§§≈§§..+#...##..≈.# #.$$$.#
..§§§....##.....##.≈.# #######
##+#############)≈.#


You could see an orc knight and 3 orc warriors.

Vanquished Creatures
  A troll (D:6)
  Duvessa (D:4)
  4 orc warriors (Bailey)
  2 sky beasts
  2 black bears (D:6)
  A necrophage (D:7)
  3 ogres
  A centaur (D:6)
  6 bullfrogs
  Dowan (D:4)
  2 scorpions (D:6)
  3 wights (D:6)
  A howler monkey (D:4)
  3 crimson imps
  A bullfrog zombie (D:5)
  A quasit (D:7)
  A jelly (D:5)
  2 orc priests
  5 orc wizards
  Ijyb (D:3)
  A bullfrog skeleton (D:6)
  2 worker ants (D:5)
  An iguana (D:4)
  A hound zombie (D:5)
  7 adders
  A shadow imp (D:5)
  2 oozes
  An adder skeleton (D:5)
  2 dart slugs
  3 worms
  3 leopard geckos
  26 orcs
  7 bats
  4 giant cockroaches
  10 goblins
  4 hobgoblins
  10 jackals
  A quokka (D:3)
  2 ball pythons
  5 frilled lizards
  A jackal skeleton (D:5)
  2 kobolds
  12 rats
  A butterfly (D:7)
151 creatures vanquished.

Notes
Turn   | Place    | Note
-------+----------+-------------------------------------------
     0 | D:1      | asdjio the Octopode Assassin began the quest for the Orb.
     0 | D:1      | Reached XP level 1. HP: 14/14 MP: 1/1
   161 | D:1      | Reached XP level 2. HP: 7/19 MP: 2/2
   537 | D:1      | Reached XP level 3. HP: 18/25 MP: 3/3
  1636 | D:2      | Found a faded altar of an unknown god.
  1641 | D:2      | Became a worshipper of Trog the Wrathful
  1641 | D:2      | Reached * piety under Trog
  2034 | D:3      | Found a stormy altar of Qazlal.
  2035 | D:3      | Found a bloodstained altar of Trog.
  2036 | D:3      | Found a shadowy altar of Dithmenos.
  2038 | D:3      | Found a shimmering altar of Xom.
  2040 | D:3      | Found a sparkling altar of Nemelex Xobeh.
  2042 | D:3      | Found an ancient bone altar of Kikubaaqudgha.
  2092 | D:3      | Noticed Ijyb
  2100 | D:3      | Killed Ijyb
  2100 | D:3      | Reached skill level 6 in Stealth
  2100 | D:3      | Reached XP level 4. HP: 30/30 MP: 4/4
  2205 | D:3      | Reached XP level 5. HP: 36/36 MP: 5/5
  2360 | D:3      | Reached ** piety under Trog
  2871 | D:4      | Noticed Duvessa
  2871 | D:4      | Noticed Dowan
  2883 | D:4      | Killed Duvessa
  2883 | D:4      | Reached skill level 1 in Evocations
  2883 | D:4      | Reached XP level 6. HP: 33/42 MP: 6/6
  2886 | D:4      | Killed Dowan
  2889 | D:4      | Reached skill level 7 in Stealth
  3021 | D:4      | Found a glowing drain.
  3085 | D:4      | Reached XP level 7. HP: 40/47 MP: 8/8
  3119 | D:4      | HP: 2/47 [something (7)]
  3579 | D:4      | Found a radiant altar of Vehumet.
  3579 | D:4      | Found a burning altar of Makhleb.
  3663 | D:5      | Entered Level 5 of the Dungeon
  3898 | D:5      | Reached skill level 8 in Stealth
  4302 | D:5      | Reached XP level 8. HP: 52/54 MP: 9/9
  5019 | D:6      | Reached *** piety under Trog
  5283 | D:6      | Reached skill level 5 in Fighting
  5286 | D:6      | Reached skill level 5 in Short Blades
  5513 | D:6      | Found a bloodstained altar of Trog.
  5613 | D:6      | Reached skill level 9 in Stealth
  5619 | D:6      | Reached skill level 5 in Dodging
  5626 | D:6      | Reached XP level 9. HP: 20/61 MP: 11/11
  5915 | D:6      | Found a blossoming altar of Fedhas.
  5920 | D:6      | Found a basalt altar of Yredelemnul.
  5924 | D:6      | Found a glowing golden altar of the Shining One.
  5991 | D:6      | Found an opulent altar of Gozag.
  5992 | D:6      | Found a glowing silver altar of Zin.
  5992 | D:6      | Noticed a troll
  6124 | D:6      | Killed a troll
  6602 | D:7      | Found a flagged portal.
  6621 | Bailey   | Entered a bailey
  6645 | Bailey   | Reached skill level 10 in Stealth
  6689 | Bailey   | Reached skill level 5 in Evocations
  7064 | Bailey   | Noticed an orc knight
  7091 | Bailey   | Slain by an orc knight

Illustrated notes

Levels and vault maps discovered:
D:1:      elethiomel_arrival_maze, layout_basic, serial_bayou_pond_e
D:2:      layout_basic, chequers_ecumenical_altar_grove
D:3:      layout_loops_ring, minitemple, uniq_ijyb
D:4:      layout_rooms, grunt_temple_overflow_lords_of_destruction,
          first_ration, portal_sewer_entry_d, uniq_duvessa
D:5:      layout_loops_corners
D:6:      layout_rooms, grunt_temple_overflow_gold_and_silver,
          grunt_temple_overflow_diamond, trog_ov_bears_minmay
D:7:      layout_layer_cave, minmay_temple_entry_butterflies, enter_bailey_3
Bailey:   bailey_polearm_1, bailey

Skill      XL: |  1  2  3  4  5  6  7  8  9 |
---------------+----------------------------+-----
Dodging        | 2 3 4 5 6 |  6.1
Stealth        | 6 7 8 9 10 | 10.2
Fighting       | 3 4 5 6 |  6.4
Short Blades   | 3 4 5 6 |  6.4
Evocations     | 1 2 3 5 |  5.0
Throwing       | |  2.0

Action                   |  1- 3 |  4- 6 |  7- 9 || total
-------------------------+-------+-------+-------++-------
Melee: Dagger            |    67 |    70 |   213 ||   350
       Constrict         |    16 |    16 |    39 ||    71
       Tentacles         |    10 |    13 |    37 ||    60
 Fire: Hunting sling     |       |       |    19 ||    19
Throw: Dart              |       |     1 |    10 ||    11
Invok: Berserk           |     1 |     3 |     1 ||     5
Evoke: Wand              |       |       |     1 ||     1
  Use: Scroll            |     1 |       |     5 ||     6
       Potion            |       |       |     4 ||     4
 Stab: Sleeping          |    11 |     7 |    16 ||    34
       Distracted        |       |     1 |     1 ||     2
  Eat: Chunk             |     4 |     6 |    10 ||    20
       Ration            |       |       |     1 ||     1
Armor: Skin              |     7 |     6 |     8 ||    21
Dodge: Dodged            |    25 |    34 |   109 ||   168
